 Dungeon Crawl Stone Soup version 0.27.1-33-g824d729ab1 (webtiles) character file.

Game seed: 4813389583943693773

8 zeram the Caller (level 1, -2/14 HPs)
             Began as a Demigod Summoner on Dec 15, 2021.
             Slain by a goblin (4 damage)
             ... on level 1 of the Dungeon.
             The game lasted 00:00:58 (671 turns).

zeram the Caller (Demigod Summoner)                  Turns: 671, Time: 00:00:59

Health: -2/14      AC:  2    Str:  9    XL:     1   Next: 80%
Magic:  2/5        EV: 12    Int: 17    God:
Gold:   0          SH:  0    Dex: 14    Spells: 2/3 levels left

rFire    . . .     SeeInvis .   b - +0 whip
rCold    . . .     Faith    .   (no shield)
rNeg     . . .     Spirit   .   a - +0 robe
rPois    .         Reflect  .   (no helmet)
rElec    .         Harm     .   (no cloak)
rCorr    .         Rampage  .   (no gloves)
Will     .....                  (no boots)
Stlth    ++........             (no amulet)
HPRegen  0.04/turn              (no ring)
MPRegen  0.09/turn              (no ring)

@: very slightly contaminated
A: high mp 1, forlorn
a: no special abilities


You were on level 1 of the Dungeon.
You visited 1 branch of the dungeon, and saw 1 of its levels.

Inventory:

Hand Weapons
 b - a +0 whip (weapon)
Armour
 a - a +0 robe (worn)


   Skills:
 - Level 1.7 Dodging
 - Level 1.7 Stealth
 - Level 1.7 Spellcasting
 + Level 4.0 Summonings


You had 2 spell levels left.
You knew the following spells:

 Your Spells              Type           Power      Damage    Failure   Level
a - Summon Small Mammal   Summ           60%        N/A       3%          1

Your spell library contained the following spells:

 Spells                   Type           Power      Damage    Failure   Level
 Call Imp                 Summ           15%        N/A       5%          2
 Call Canine Familiar     Summ           15%        N/A       11%         3
 Summon Guardian Golem    Hex/Summ       8%         N/A       26%         3
 Summon Lightning Spire   Summ/Air       8%         N/A       65%         4


Dungeon Overview and Level Annotations

Branches:
Dungeon (1/15)


Innate Abilities, Weirdness & Mutations

Your attributes grow dramatically as you level up.
You have an increased reservoir of magic. (+10% MP)
You shall have no god before yourself.


Message History

The rat twitches its whiskers.
A rat comes into view.
You closely miss the goblin. The rat bites you but does no damage.
The goblin barely misses you.
The rat twitches its whiskers.
The rat misses you.
You closely miss the goblin. The goblin closely misses you.
The rat closely misses you.
You closely miss the goblin. The goblin hits you but does no damage.
The rat misses you.
Casting: Summon Small Mammal (safe; 3% risk of failure)
Confirm with . or Enter, or press ? or * to list all spells.
The goblin misses you. The rat closely misses you.
Your bat hits the goblin.
Your bat closely misses the rat.
Your bat hits the rat but does no damage.
A rat comes into view.
Your bat hits the rat.
The rat bites your bat but does no damage.
Your bat closely misses the rat.
Your bat hits the rat but does no damage.
The rat bites your bat. The rat barely misses you.
Casting: Summon Small Mammal (safe; 3% risk of failure)
Confirm with . or Enter, or press ? or * to list all spells.
You miscast Summon Small Mammal.
You are very lightly contaminated with residual magic.
Nothing appears to happen.
Your bat barely misses the rat.
The goblin hits you with a +0 dagger. The rat bites you.
Found a stone staircase leading down.
Your bat closely misses the rat.
The rat bites you.
Your bat hits the rat. Your bat hits the goblin.
The rat closely misses your bat. The rat bites you.
Your bat barely misses the goblin.
Your bat closely misses the goblin.
The goblin hits you with a +0 dagger.
* * * LOW HITPOINT WARNING * * *
A bat comes into view.
Casting: Summon Small Mammal (safe; 3% risk of failure)
Confirm with . or Enter, or press ? or * to list all spells.
The goblin hits you with a +0 dagger.
You die...

##### #.... #....
#.... ####### #####
#....####......###....
+.>.b@gr............##
#....##...####.###..##
#...b #b### #.# #...#
##.####r######.###.#.#
#.....r$.............
######.############.#
#.# #..
..............# ...
.......######.# ...


You could see a goblin, a bat (asleep, ally target), a rat and a friendly bat
(summoned).

Vanquished Creatures
  A ball python (D:1)
  2 frilled lizards (D:1)
3 creatures vanquished.

Vanquished Creatures (collateral kills)
  A giant cockroach (D:1)
  A goblin (D:1)
  2 hobgoblins (D:1)
  A quokka (D:1)
  2 kobolds (D:1)
7 creatures vanquished.

Grand Total: 10 creatures vanquished

Notes
Turn   | Place    | Note
-------+----------+-------------------------------------------
     0 | D:1      | zeram the Demigod Summoner began the quest for the Orb.
     0 | D:1      | Reached XP level 1. HP: 14/14 MP: 5/5
   409 | D:1      | Reached skill level 4 in Summonings
   671 | D:1      | Slain by a goblin

Illustrated notes

Levels and vault maps discovered:
D:1:      dpeg_arrival_radiant, layout_basic,
          dreamdust_ecumenical_altar_angels_and_demons

Skill      XL: |  1 |
---------------+----+-----
Summonings     | 4 |  4.0
Dodging        | |  1.7
Stealth        | |  1.7
Spellcasting   | |  1.7

Action                   || total
-------------------------++-------
Melee: Whip              ||    17
       Unarmed           ||     6
 Cast: Summon Small Mamm ||    10
 Stab: Sleeping          ||     1
Armor: Robe              ||     5
Dodge: Dodged            ||    24
